[Event "Titled Tuesday Blitz November 07 Early 2023"]
[White "Jovic, Stanoje"]
[Black "Pakleza, Zbigniew"]
[WhiteFideId "905020"]
[BlackFideId "1119290"]
[WhiteElo "2432"]
[BlackElo "2737"]
[Result "1-0"]
[Round "8"]
[TimeControl "180+1"]
[Date "2023.11.07"]
[WhiteClock "0:00:04"]
[BlackClock "0:00:00"]
[Board "106"]

1. c4 a6 2. e4 e6 3. d4 d6 4. f4 Nd7 5. Nf3 f6 6. Nc3 c6 7. Be3 b6 8. Bd3 g6 9. g4 Ne7 10. h4 h6 11. h5 g5 12. Qd2 Bg7 13. O-O-O O-O 14. d5 cxd5 15. cxd5 e5 16. fxg5 fxg5 17. Nxg5 hxg5 18. Bxg5 Nf6 19. h6 Bh8 20. h7+ Nxh7 21. Rxh7 Kxh7 22. Qh2+ Kg8 23. Rh1 Bg7 24. Qh7+ Kf7 25. Bh6 Rg8 26. Rf1+ Ke8 27. Bxg7 Ra7 28. g5 Bg4 29. g6 Bh5 30. Rf6 Kd7 31. Bf1 Kc7 32. a4 Kb8 33. b4 Bxg6 34. Qh6 Rc7 35. Kb2 Be8 36. Bxa6 Nf5 37. exf5 Rgxg7 38. Rxd6 Rg2+ 39. Kb3 Qe7 40. Rxb6+ Ka7 41. d6 Bf7+ 42. Bc4 Bxc4+ 43. Ka3 Bf7 44. Qe3 Rb7 45. dxe7 Rxb6 46. Qxe5 Rg3 47. Qxg3 1-0


[Site "https://www.chess.com"]

[Event "Titled Tuesday Blitz November 07 Early 2023"]
[White "crazy_m_attack"]
[Black "Kosteniuk, Alexandra"]
[BlackFideId "4128125"]
[WhiteElo "2432"]
[BlackElo "2658"]
[Result "1-0"]
[Round "8"]
[TimeControl "180+1"]
[Date "2023.11.07"]
[WhiteClock "0:00:24"]
[BlackClock "0:00:03"]
[Board "107"]

1. e4 d6 2. d4 g6 3. Nc3 Bg7 4. f4 a6 5. Bd3 b5 6. Nf3 Bb7 7. Qe2 Nd7 8. e5 e6 9. d5 b4 10. dxe6 fxe6 11. Ne4 Qe7 12. exd6 cxd6 13. Bd2 a5 14. c3 d5 15. Neg5 e5 16. fxe5 Nh6 17. e6 Nc5 18. Bb5+ Kd8 19. O-O Ne4 20. Nxe4 dxe4 21. Ng5 Rf8 22. Rxf8+ Qxf8 23. Be3 Rc8 24. Rd1+ Kc7 25. Rd7+ Kb8 26. Ba6 Rc7 27. Qb5 Rxd7 28. exd7 1-0


[Site "https://www.chess.com"]

[Event "Titled Tuesday Blitz November 07 Early 2023"]
[White "Yen, William"]
[Black "Filip, Andrei"]
[WhiteFideId "30932025"]
[BlackFideId "1249452"]
[WhiteElo "2653"]
[BlackElo "2425"]
[Result "1-0"]
[Round "8"]
[TimeControl "180+1"]
[Date "2023.11.07"]
[WhiteClock "0:01:13"]
[BlackClock "0:00:31"]
[Board "108"]

1. d4 Nf6 2. Nf3 b6 3. g4 Nxg4 4. e4 Bb7 5. Bd3 c5 6. Rg1 Nf6 7. e5 Nd5 8. c4 Nb4 9. d5 b5 10. b3 Nxd3+ 11. Qxd3 bxc4 12. bxc4 g6 13. Nc3 Bg7 14. Rb1 Ba6 15. h4 d6 16. e6 O-O 17. h5 fxe6 18. hxg6 Bxc4 19. Qxc4 Rxf3 20. gxh7+ Kh8 21. Rxg7 Qa5 22. Rb3 Nd7 23. Rg8+ Kxh7 24. Rxa8 Ne5 25. Qh4+ Kg7 26. Qh6+ Kf7 27. dxe6# 1-0


[Site "https://www.chess.com"]

[Event "Titled Tuesday Blitz November 07 Early 2023"]
[White "Gontcharov, Vladislav"]
[Black "Su, Dion"]
[WhiteFideId "4123492"]
[BlackFideId "2029731"]
[WhiteElo "2559"]
[BlackElo "2421"]
[Result "0-1"]
[Round "8"]
[TimeControl "180+1"]
[Date "2023.11.07"]
[WhiteClock "0:00:53"]
[BlackClock "0:01:34"]
[Board "110"]

1. d4 Nf6 2. c4 e6 3. Nc3 Bb4 4. e3 b6 5. Ne2 Ba6 6. a3 Bxc3+ 7. Nxc3 d5 8. cxd5 Bxf1 9. Kxf1 Nxd5 10. Qf3 O-O 11. Nxd5 exd5 12. g3 Nc6 13. Kg2 Re8 14. Bd2 Re6 15. Rhc1 Qd7 16. Rc2 Rh6 17. Kg1 Rf6 18. Qg2 Ne7 19. a4 h5 20. a5 h4 21. axb6 cxb6 22. Rac1 h3 23. Qf1 Qg4 24. Bb4 Ng6 25. Rc8+ Rxc8 26. Rxc8+ Qxc8 0-1


[Site "https://www.chess.com"]

[Event "Titled Tuesday Blitz November 07 Early 2023"]
[White "Cristi_Coca"]
[Black "topce"]
[WhiteElo "2420"]
[BlackElo "2521"]
[Result "1-0"]
[Round "8"]
[TimeControl "180+1"]
[Date "2023.11.07"]
[WhiteClock "0:00:15"]
[BlackClock "0:00:12"]
[Board "111"]

1. e4 c5 2. c3 Nc6 3. d4 d5 4. exd5 Qxd5 5. Nf3 e5 6. dxe5 Qxd1+ 7. Kxd1 Bf5 8. Bb5 O-O-O+ 9. Ke1 a6 10. Bxc6 bxc6 11. Be3 c4 12. Nbd2 Bd3 13. b3 cxb3 14. axb3 Kb7 15. b4 f6 16. e6 Ne7 17. Nb3 Nd5 18. Bd4 Re8 19. Kd2 Bf5 20. Na5+ Kc7 21. Nc4 Ra8 22. Rhe1 Be7 23. Nh4 Bg4 24. f3 Bh5 25. Nf5 Rhd8 26. Kc1 Bxb4 27. cxb4 Nxb4 28. Re3 c5 29. Bc3 Nd3+ 30. Kc2 Nb4+ 31. Bxb4 cxb4 32. Nxg7 Bg6+ 33. Kb3 Rg8 34. Rc1 Rxg7 35. Ne5+ Kb6 36. Nd7+ Kb7 37. Nxf6 a5 38. e7 Be8 39. Ne4 Bf7+ 40. Kb2 a4 41. Nd6+ Kb6 42. Nxf7 Rxf7 43. e8=Q a3+ 44. Kb3 Rxe8 45. Rxe8 Ra7 46. Rb8+ Ka5 47. Rxb4 a2 48. Ra4+ Kb5 49. Rxa7 a1=Q 50. Rcxa1 1-0


[Site "https://www.chess.com"]

[Event "Titled Tuesday Blitz November 07 Early 2023"]
[White "HeroRubiksCube"]
[Black "Todorovic, Bojan"]
[BlackFideId "917087"]
[WhiteElo "2515"]
[BlackElo "2418"]
[Result "1-0"]
[Round "8"]
[TimeControl "180+1"]
[Date "2023.11.07"]
[WhiteClock "0:01:11"]
[BlackClock "0:00:00"]
[Board "112"]

1. e4 g6 2. d4 Bg7 3. Nf3 d6 4. Nc3 a6 5. a4 Nc6 6. Be2 e5 7. Be3 Nf6 8. h3 O-O 9. O-O exd4 10. Nxd4 Nxd4 11. Bxd4 Re8 12. Bf3 Bd7 13. Re1 Bc6 14. Qd2 Qd7 15. Nd5 Bxd5 16. exd5 Qf5 17. c4 Ne4 18. Bxe4 Rxe4 19. Bxg7 Kxg7 20. Qc3+ Kg8 21. Rxe4 Qxe4 22. Re1 Qf4 23. a5 c5 24. Re7 Rb8 25. b3 h5 26. Qe3 Qxe3 27. fxe3 b6 28. Rd7 bxa5 29. Rxd6 Rxb3 30. Rc6 a4 31. Rxc5 a3 32. Ra5 Rc3 33. Kf2 Rxc4 34. Rxa3 Rc5 35. e4 a5 36. Ra2 Rb5 37. Ke3 Kg7 38. Kd4 Rb4+ 39. Ke5 f6+ 40. Kd6 a4 41. e5 fxe5 42. Kxe5 Kf7 43. Rc2 a3 44. Rc7+ Ke8 45. Ra7 1-0


[Site "https://www.chess.com"]

[Event "Titled Tuesday Blitz November 07 Early 2023"]
[White "Seletsky, Grigory"]
[Black "Cesar Maestre, Bernardo"]
[WhiteFideId "14112191"]
[BlackFideId "24542547"]
[WhiteElo "2514"]
[BlackElo "2415"]
[Result "1-0"]
[Round "8"]
[TimeControl "180+1"]
[Date "2023.11.07"]
[WhiteClock "0:00:21"]
[BlackClock "0:00:02"]
[Board "113"]

1. e4 c5 2. Nc3 Nc6 3. d3 g6 4. Be3 d6 5. d4 cxd4 6. Bxd4 e5 7. Be3 Bg7 8. Bc4 Nf6 9. f3 O-O 10. Nge2 a6 11. Qd2 Qc7 12. Bb3 Na5 13. O-O Nxb3 14. cxb3 Be6 15. Rac1 Qd7 16. Rfd1 Rfd8 17. Na4 Qe7 18. Nb6 Rab8 19. Nc3 h5 20. Rc2 h4 21. Rdc1 h3 22. g4 d5 23. Ncxd5 Bxd5 24. exd5 e4 25. g5 Nh5 26. f4 f6 27. Rc7 Qe8 28. Rxg7+ Nxg7 29. gxf6 Nh5 30. Rc7 Nxf6 31. Qd4 Qf8 32. Bd2 Qd6 33. Bc3 Qxc7 34. Qxf6 Qh7 35. d6 Rf8 36. Qe5 Rbe8 37. Qd4 Rxf4 38. d7 Rg4+ 39. Kh1 Rd8 40. Qe5 Rxd7 41. Qe8# 1-0


[Site "https://www.chess.com"]

[Event "Titled Tuesday Blitz November 07 Early 2023"]
[White "Suspenser17"]
[Black "Horak, Martin"]
[BlackFideId "367095"]
[WhiteElo "2410"]
[BlackElo "2513"]
[Result "0-1"]
[Round "8"]
[TimeControl "180+1"]
[Date "2023.11.07"]
[WhiteClock "0:00:41"]
[BlackClock "0:00:10"]
[Board "114"]

1. e4 c5 2. Nf3 Nc6 3. c3 d5 4. exd5 Qxd5 5. Na3 Nf6 6. d4 cxd4 7. Nb5 Qd8 8. Nbxd4 Nxd4 9. Nxd4 e6 10. Bd3 Be7 11. O-O O-O 12. Qe2 Bd7 13. Nf3 Rc8 14. Ne5 Be8 15. Rd1 Qa5 16. Bg5 a6 17. Re1 Bb5 18. c4 Bc6 19. a3 Rfd8 20. b4 Qc7 21. Nxc6 Qxc6 22. c5 Qd5 23. Bc4 Qxg5 24. Bxe6 Rc7 25. Bb3 Bf8 26. Qc4 h5 27. Rad1 Rcd7 28. Rxd7 Rxd7 29. h4 Qg4 30. Qc2 Qxh4 31. Re3 Qg5 32. Rg3 Qe5 33. a4 Qe1+ 34. Kh2 Ng4+ 35. Kh3 Nxf2+ 36. Kh4 Ne4 37. Kxh5 Qxg3 38. Qxe4 g6+ 39. Qxg6+ Qxg6+ 40. Kh4 Rd4+ 41. Kh3 Rd3+ 42. Kh2 Qg3+ 43. Kg1 Rxb3 44. Kf1 Rb2 45. b5 Qf2# 0-1


[Site "https://www.chess.com"]

[Event "Titled Tuesday Blitz November 07 Early 2023"]
[White "Bilan, Danila"]
[Black "Osinovsky, Stepan"]
[WhiteFideId "24161918"]
[BlackFideId "4157354"]
[WhiteElo "2510"]
[BlackElo "2407"]
[Result "1-0"]
[Round "8"]
[TimeControl "180+1"]
[Date "2023.11.07"]
[WhiteClock "0:00:02"]
[BlackClock "0:00:00"]
[Board "115"]

1. d4 Nf6 2. Nf3 g6 3. Bg5 Bg7 4. c3 O-O 5. Nbd2 d6 6. e4 Nbd7 7. Bc4 e5 8. O-O h6 9. Bh4 Qe7 10. Re1 g5 11. Bg3 Nh5 12. Nf1 Nf4 13. Qc2 Nf6 14. dxe5 dxe5 15. Ne3 Ng4 16. Nf5 Bxf5 17. exf5 Qc5 18. Bb3 Rae8 19. Rad1 c6 20. Rd7 e4 21. Rxe4 Rxe4 22. Qxe4 Nf6 23. Qe7 Nxd7 24. Qxd7 b5 25. h4 Ne2+ 26. Kh2 Nxg3 27. fxg3 Bf6 28. h5 Kg7 29. Nd4 Bxd4 30. cxd4 Qb6 31. f6+ Kxf6 32. Bc2 Qb8 33. Qf5+ Ke7 34. Qe4+ 1-0


[Site "https://www.chess.com"]

[Event "Titled Tuesday Blitz November 07 Early 2023"]
[White "Ahmad, Khagan"]
[Black "Slovineanu, Viacheslav"]
[WhiteFideId "13431552"]
[BlackFideId "13900510"]
[WhiteElo "2508"]
[BlackElo "2403"]
[Result "0-1"]
[Round "8"]
[TimeControl "180+1"]
[Date "2023.11.07"]
[WhiteClock "0:00:00"]
[BlackClock "0:00:12"]
[Board "116"]

1. Nf3 d5 2. d4 Nf6 3. c4 e6 4. g3 Bb4+ 5. Bd2 Be7 6. Bg2 O-O 7. Qc2 Nbd7 8. O-O Ne4 9. Bf4 c6 10. Nfd2 f5 11. f3 Nef6 12. e4 fxe4 13. fxe4 dxe4 14. Nxe4 Nxe4 15. Qxe4 Nf6 16. Qd3 Qb6 17. Nc3 Qxb2 18. Be5 Qa3 19. Rab1 Qa5 20. Ne4 Qd8 21. Ng5 h6 22. Rxf6 hxg5 23. Rg6 Bf6 24. Qe4 Bd7 25. Rf1 Be8 26. Bxf6 Bxg6 27. Qxe6+ Bf7 28. Bxd8 Bxe6 29. Rxf8+ Kxf8 30. Bc7 Bxc4 31. Bd6+ Kg8 32. Be5 Bd5 33. Bf1 Rf8 34. a4 Rf3 35. a5 Ra3 36. Bc7 Ra2 37. h4 gxh4 38. gxh4 g6 39. Bd3 Kg7 40. Be5+ Kf7 41. Bc7 Rd2 0-1


[Site "https://www.chess.com"]

[Event "Titled Tuesday Blitz November 07 Early 2023"]
[White "Bazilius, Augustinas"]
[Black "Matveeva, Olga"]
[WhiteFideId "12832251"]
[BlackFideId "24107018"]
[WhiteElo "2506"]
[BlackElo "2401"]
[Result "0-1"]
[Round "8"]
[TimeControl "180+1"]
[Date "2023.11.07"]
[WhiteClock "0:00:01"]
[BlackClock "0:00:03"]
[Board "117"]

1. d4 d5 2. c4 e6 3. Nf3 Nf6 4. g3 Bb4+ 5. Bd2 Be7 6. Bg2 O-O 7. O-O Nbd7 8. Qc2 c6 9. Bf4 b6 10. Rd1 Bb7 11. Nc3 dxc4 12. Ne5 Nd5 13. Nxc4 Nxf4 14. gxf4 Rc8 15. Rac1 Qc7 16. Ne5 Nxe5 17. dxe5 Rfd8 18. Rxd8+ Rxd8 19. Nb5 Qb8 20. Bxc6 Rc8 21. Qe4 Rxc6 22. Rxc6 Qa8 23. Nxa7 Qxa7 24. Rc7 Bxe4 25. Rxa7 Bc5 26. a3 h5 27. e3 b5 28. Rc7 Bf8 29. Rc8 g6 30. b3 Kg7 31. a4 bxa4 32. bxa4 Bd3 33. Rc3 Be2 34. Rc2 Bd3 35. Rd2 Bc4 36. a5 g5 37. Rc2 Bd3 38. Rc3 Be2 39. Rc6 gxf4 40. exf4 Kg6 41. a6 Bf3 42. Rb6 Bc5 43. Rb3 Bd5 44. Rc3 Bd4 45. Rd3 Ba7 46. Rc3 Kf5 47. Rc7 Bb6 48. Rxf7+ Kg4 49. a7 Kf3 50. Rh7 Bxf2+ 51. Kh1 Ke2# 0-1


[Site "https://www.chess.com"]

[Event "Titled Tuesday Blitz November 07 Early 2023"]
[White "Goldin, Roman"]
[Black "ChainedDowntohell"]
[WhiteFideId "2803860"]
[WhiteElo "2395"]
[BlackElo "2504"]
[Result "0-1"]
[Round "8"]
[TimeControl "180+1"]
[Date "2023.11.07"]
[WhiteClock "0:00:00"]
[BlackClock "0:00:46"]
[Board "118"]

1. e4 e5 2. Nf3 Nc6 3. d4 exd4 4. c3 d5 5. exd5 Qxd5 6. Be2 Nf6 7. cxd4 Bb4+ 8. Nc3 Bg4 9. O-O Bxc3 10. bxc3 O-O 11. h3 Bh5 12. Qb3 Na5 13. Qxd5 Nxd5 14. c4 Nc3 15. Bd3 Bg6 16. Bxg6 hxg6 17. Nd2 Rad8 18. d5 c6 19. Re1 cxd5 20. Ba3 dxc4 21. Bxf8 Kxf8 22. Nxc4 Nxc4 23. Rac1 Rd3 24. Kf1 g5 0-1


[Site "https://www.chess.com"]

[Event "Titled Tuesday Blitz November 07 Early 2023"]
[White "a-z30"]
[Black "UK_23"]
[WhiteElo "2503"]
[BlackElo "2393"]
[Result "1-0"]
[Round "8"]
[TimeControl "180+1"]
[Date "2023.11.07"]
[WhiteClock "0:00:03"]
[BlackClock "0:00:00"]
[Board "119"]

1. d3 e5 2. Nf3 Nc6 3. g3 Nf6 4. Bg2 d5 5. O-O a5 6. Bg5 h6 7. Bxf6 Qxf6 8. Nc3 Be6 9. e4 d4 10. Nd5 Qd8 11. c3 a4 12. cxd4 exd4 13. Rc1 Bd6 14. Rc4 a3 15. b4 O-O 16. b5 Ne7 17. Rxd4 Nxd5 18. exd5 Bf5 19. Re1 Qd7 20. Qb3 b6 21. Ne5 Bxe5 22. Rxe5 Rae8 23. Rxe8 Rxe8 24. h4 Qd6 25. Ra4 Re1+ 26. Kh2 Re2 27. Rf4 Bd7 28. Qa4 g5 29. Re4 Rxf2 30. hxg5 hxg5 31. Qd4 Qg6 32. Qxf2 Qh5+ 33. Kg1 Qd1+ 34. Re1 Qxd3 35. Be4 Qxb5 36. Rf1 Be8 37. Qf6 Qc5+ 38. Rf2 Qc1+ 39. Kg2 Qe3 40. Qf3 Qd4 41. Qd3 Qe5 42. Qf3 Qd4 43. Qd3 Qe5 44. Bf3 Bd7 45. Qe4 Qc3 46. Qe7 Bf5 47. Qe2 Qc5 48. Be4 Bd7 49. Bd3 Qxd5+ 50. Qe4 1-0


[Site "https://www.chess.com"]

[Event "Titled Tuesday Blitz November 07 Early 2023"]
[White "Krzywda, Andrzej"]
[Black "Dmitrenko, Viktor"]
[WhiteFideId "1114565"]
[BlackFideId "14110270"]
[WhiteElo "2501"]
[BlackElo "2390"]
[Result "1-0"]
[Round "8"]
[TimeControl "180+1"]
[Date "2023.11.07"]
[WhiteClock "0:00:25"]
[BlackClock "0:00:00"]
[Board "120"]

1. e4 c5 2. Nf3 Nc6 3. d4 cxd4 4. Nxd4 Nf6 5. Nc3 e5 6. Ndb5 d6 7. Bg5 a6 8. Na3 b5 9. Nd5 Be7 10. Bxf6 Bxf6 11. c4 b4 12. Nc2 a5 13. Qf3 Bg5 14. h4 Bxh4 15. c5 Be7 16. Bb5 Bd7 17. O-O-O Rb8 18. Bxc6 Bxc6 19. Nxe7 Qxe7 20. cxd6 Qe6 21. Kb1 b3 22. axb3 Rxb3 23. Qh5 g6 24. Qh4 Kd7 25. Ne3 Rhb8 26. Rd2 g5 27. Qxh7 a4 28. Nd5 Bxd5 29. exd5 Qe8 30. Qf5+ Kxd6 31. Rh6+ Kc5 32. Rc2+ Kb5 33. Rhc6 e4 34. d6+ 1-0


[Site "https://www.chess.com"]

[Event "Titled Tuesday Blitz November 07 Early 2023"]
[White "La Villa Rivas, Marlon Javier"]
[Black "Santos Flores, Alberto"]
[WhiteFideId "3519546"]
[BlackFideId "3601234"]
[WhiteElo "2386"]
[BlackElo "2499"]
[Result "0-1"]
[Round "8"]
[TimeControl "180+1"]
[Date "2023.11.07"]
[WhiteClock "0:00:23"]
[BlackClock "0:00:37"]
[Board "121"]

1. e4 e6 2. d4 d5 3. Nd2 c5 4. exd5 Qxd5 5. Ngf3 cxd4 6. Bc4 Qd6 7. O-O Nf6 8. Nb3 Nc6 9. Qe2 a6 10. a4 Bd7 11. Rd1 Qc7 12. Nbxd4 Nxd4 13. Nxd4 Bd6 14. h3 O-O-O 15. Be3 Kb8 16. b4 Bh2+ 17. Kh1 Bf4 18. b5 Bxe3 19. fxe3 a5 20. b6 Qxb6 21. Rab1 Qc7 22. Ba6 Bc8 23. Qb5 Rd5 24. Qb3 Rhd8 25. c4 R5d6 26. Bb5 e5 27. c5 Qxc5 28. Rdc1 Qb6 29. Nf3 Be6 30. Qc3 Nd5 31. Qxe5 Qxe3 32. Qb2 Nb4 33. Qxg7 Bd5 34. Ne5 Re6 35. Nd7+ Ka7 36. Rc3 Qd2 37. Rxb4 Rg6 38. Rb2 Qe1+ 39. Kh2 Rxg7 40. Nc5 Qe5+ 0-1


[Site "https://www.chess.com"]

[Event "Titled Tuesday Blitz November 07 Early 2023"]
[White "Lehtosaari, Mauri"]
[Black "secrethawk1"]
[WhiteFideId "501999"]
[WhiteElo "2492"]
[BlackElo "2373"]
[Result "1-0"]
[Round "8"]
[TimeControl "180+1"]
[Date "2023.11.07"]
[WhiteClock "0:00:14"]
[BlackClock "0:00:12"]
[Board "122"]

1. d4 Nf6 2. Nf3 e6 3. Bg5 d5 4. Nbd2 Be7 5. e3 c5 6. c3 Nc6 7. Bd3 h6 8. Bh4 cxd4 9. exd4 O-O 10. O-O a6 11. a4 Nd7 12. Bg3 Nf6 13. Re1 Bd6 14. Bh4 Be7 15. Qe2 b6 16. h3 Bb7 17. Bc2 Nd7 18. Qd3 f5 19. Bxe7 Qxe7 20. Re2 a5 21. Qe3 Rae8 22. Ne5 Ncxe5 23. dxe5 Nc5 24. Nb3 f4 25. Qd4 f3 26. Re3 fxg2 27. Rg3 Nxb3 28. Bxb3 Qc5 29. Kxg2 Qxd4 30. cxd4 Rf4 31. Rd1 Ref8 32. Rd2 Ba6 33. Rg6 Kf7 34. Bc2 Rc8 35. Rg3 g5 36. Rf3 Rxf3 37. Kxf3 Rc4 38. b3 Rc3+ 39. Kg2 h5 40. f3 Ke7 41. Kf2 Kd7 42. Bd1 h4 43. Bc2 Ke7 44. Bd1 Kf7 45. Bc2 Kg7 46. Kg2 Kh6 47. Kf2 Bb7 48. Bd1 Rc6 49. Rc2 Rxc2+ 50. Bxc2 Ba6 51. Ke3 Kg7 52. Bd1 Kg6 53. f4 Bf1 54. Bg4 Kh6 55. Bxe6 gxf4+ 56. Kxf4 Bg2 57. Bf5 Kg7 58. Bd3 Kf8 59. Be2 Bxh3 60. Bg4 Bxg4 61. Kxg4 Ke7 62. Kxh4 Ke6 63. Kg5 b5 64. Kg6 b4 65. Kg5 Kd7 66. Kf6 Kc6 67. Ke6 Kb6 68. Kxd5 Kc7 69. Kc5 Kd8 70. Kb5 Kd7 71. Kxa5 Ke6 72. Kxb4 Kd5 73. Kc3 Ke4 74. b4 Kf5 75. Kc4 Ke6 76. a5 Kd7 77. Kc5 Kc7 78. b5 Kb7 79. d5 Ka7 80. d6 Kb7 81. e6 Ka7 82. e7 Kb7 83. e8=Q Ka7 84. Qe7+ Kb8 85. Kb6 Ka8 86. Qe8# 1-0


[Site "https://www.chess.com"]

[Event "Titled Tuesday Blitz November 07 Early 2023"]
[White "Grossboss19"]
[Black "Ovezdurdyyeva, Jemal"]
[BlackFideId "14001888"]
[WhiteElo "2491"]
[BlackElo "2365"]
[Result "1-0"]
[Round "8"]
[TimeControl "180+1"]
[Date "2023.11.07"]
[WhiteClock "0:01:07"]
[BlackClock "0:00:16"]
[Board "123"]

1. d4 Nf6 2. Nc3 d6 3. e4 g6 4. f3 c6 5. Be3 b5 6. Qd2 h5 7. a4 b4 8. Nce2 a5 9. c3 bxc3 10. bxc3 Bg7 11. Nc1 O-O 12. Bd3 Nbd7 13. Nge2 e5 14. O-O Nb6 15. Qc2 Be6 16. c4 exd4 17. Nxd4 Bd7 18. Rb1 Nc8 19. c5 dxc5 20. Ndb3 Rb8 21. Nxc5 Rxb1 22. Qxb1 Re8 23. Rd1 Qc7 24. Qb7 Qxb7 25. Nxb7 Ne7 26. Nxa5 Ra8 27. Ncb3 Be6 28. Bb6 Nc8 29. Bc7 Bxb3 30. Nxb3 Rxa4 31. Nc5 Ra2 32. Bc4 Rc2 33. Rd8+ Bf8 34. Rxc8 Rxc4 35. Bd6 Rc1+ 36. Kf2 Nh7 37. Bxf8 Nxf8 38. Nd7 1-0


[Site "https://www.chess.com"]

[Event "Titled Tuesday Blitz November 07 Early 2023"]
[White "gpsji27"]
[Black "Lund, Gunnar"]
[BlackFideId "1520814"]
[WhiteElo "2350"]
[BlackElo "2491"]
[Result "1-0"]
[Round "8"]
[TimeControl "180+1"]
[Date "2023.11.07"]
[WhiteClock "0:00:07"]
[BlackClock "0:01:20"]
[Board "124"]

1. d4 d6 2. Nc3 e6 3. e4 h6 4. Nf3 a6 5. a4 Nc6 6. Be3 Bd7 7. Bd3 e5 8. d5 Nce7 9. Qe2 Qc8 10. a5 g5 11. h3 Bg7 12. Nd2 f5 13. Qh5+ Kf8 14. exf5 Nf6 15. Qf3 Bxf5 16. Nde4 Kf7 17. g4 Bxe4 18. Nxe4 Rf8 19. Nxf6 Bxf6 20. h4 Kg7 21. Qe4 Kf7 22. hxg5 hxg5 23. O-O-O c6 24. Bc4 Ke8 25. dxc6 Qxc6 26. Qxc6+ Nxc6 27. Rxd6 Rd8 28. Re6+ Kd7 29. Rh7+ Kc8 30. Bxa6 Nxa5 31. Bb6 bxa6 32. Bxa5 Rd7 33. Rc6+ Kb7 34. Rb6+ Kc8 35. Rxd7 Kxd7 36. Rxa6 Be7 37. Ra7+ Ke6 38. Rxe7+ Kd6 39. Bb4+ Kc6 40. Re6+ Kd5 41. Bxf8 1-0


[Site "https://www.chess.com"]

[Event "Titled Tuesday Blitz November 07 Early 2023"]
[White "Khater, Sherif"]
[Black "Samaganova, Aleksandra"]
[WhiteFideId "2034280"]
[BlackFideId "13800221"]
[WhiteElo "2490"]
[BlackElo "2345"]
[Result "1-0"]
[Round "8"]
[TimeControl "180+1"]
[Date "2023.11.07"]
[WhiteClock "0:00:22"]
[BlackClock "0:00:01"]
[Board "125"]

1. e4 c5 2. Nc3 e6 3. g3 g6 4. Bg2 Bg7 5. Nge2 Nc6 6. d3 Nge7 7. O-O O-O 8. f4 d6 9. h3 Nd4 10. Nxd4 cxd4 11. Ne2 Nc6 12. c3 Rb8 13. cxd4 Nxd4 14. Be3 Nxe2+ 15. Qxe2 b6 16. Rac1 Ba6 17. Rc2 Qd7 18. b3 Qb5 19. Rd1 Rbc8 20. Rxc8 Rxc8 21. Bf1 Rc3 22. Rd2 Qc6 23. h4 h5 24. f5 exf5 25. exf5 Qd5 26. fxg6 fxg6 27. Bg2 Qe5 28. Kh2 Kh7 29. Be4 Bf6 30. Bf4 Qc5 31. b4 Qb5 32. a4 Qe8 33. Qxh5+ Kg8 34. Bxg6 Qe7 35. Re2 Be5 36. Bg5 Qc7 37. Rf2 Rc2 38. Bf7+ Qxf7 39. Qxf7+ Kh8 40. Bf6+ Bxf6 41. Qxf6+ Kh7 42. Rxc2 1-0


[Site "https://www.chess.com"]

[Event "Titled Tuesday Blitz November 07 Early 2023"]
[White "Harriott, Tyrell"]
[Black "Willy, Stephen"]
[WhiteFideId "2086484"]
[BlackFideId "30981468"]
[WhiteElo "2345"]
[BlackElo "2485"]
[Result "0-1"]
[Round "8"]
[TimeControl "180+1"]
[Date "2023.11.07"]
[WhiteClock "0:00:07"]
[BlackClock "0:00:28"]
[Board "126"]

1. d4 d5 2. e3 Nf6 3. Bd3 c5 4. c3 g6 5. f4 Bf5 6. Nf3 Nc6 7. O-O Bg7 8. Kh1 Bxd3 9. Qxd3 Ne4 10. Nbd2 f5 11. Qe2 a6 12. Nxe4 dxe4 13. Ng5 Qd7 14. Rd1 cxd4 15. exd4 h6 16. Nh3 O-O 17. Be3 e6 18. Nf2 Ne7 19. c4 b5 20. b3 Rfc8 21. Rac1 Rc7 22. g4 Rac8 23. a3 bxc4 24. bxc4 Qa4 25. c5 Nd5 26. gxf5 exf5 27. Qa2 Qc6 28. Nh3 Kh7 29. Qb3 Rb7 30. Qa2 Nxe3 31. d5 Qa4 32. c6 Rb2 33. Qa1 Nxd1 34. Rxd1 e3 0-1


[Site "https://www.chess.com"]

[Event "Titled Tuesday Blitz November 07 Early 2023"]
[White "SlippperyWhenWet"]
[Black "Pinto, Daniel"]
[BlackFideId "3303144"]
[WhiteElo "2341"]
[BlackElo "2480"]
[Result "0-1"]
[Round "8"]
[TimeControl "180+1"]
[Date "2023.11.07"]
[WhiteClock "0:00:09"]
[BlackClock "0:00:15"]
[Board "127"]

1. e4 e5 2. Nf3 Nc6 3. Nc3 Bc5 4. Bb5 Nf6 5. Nxe5 Nxe5 6. d4 Bd6 7. dxe5 Bxe5 8. O-O O-O 9. Bd3 Re8 10. h3 Bxc3 11. bxc3 Nxe4 12. Re1 d5 13. c4 Qh4 14. Be3 Be6 15. Qf3 Nf6 16. cxd5 Bxd5 17. Qf4 Qxf4 18. Bxf4 Rxe1+ 19. Rxe1 Re8 20. Rxe8+ Nxe8 21. c4 Be6 22. Kf1 f6 23. Ke2 Kf7 24. g4 g6 25. Ke3 b6 26. Kd4 Ke7 27. c5 Bxa2 28. Bb5 bxc5+ 29. Kxc5 Nd6 30. Bc6 Be6 31. f3 Bc8 32. h4 a6 33. Bd2 Nb7+ 34. Kd4 Nd8 35. Bd5 Ne6+ 36. Bxe6 Kxe6 37. Ba5 Bb7 38. f4 Bf3 39. g5 fxg5 40. hxg5 c6 41. Bc7 Bd5 42. Be5 Kd7 43. Kc5 Bf3 44. Bc3 Be2 45. Ba5 Bb5 46. Bd2 Ke6 47. Ba5 Kf5 48. Bc7 Ke4 49. Bd6 Kd3 50. Kb4 Kd4 51. Be5+ Kd5 52. Bb8 c5+ 53. Kc3 a5 54. Bc7 a4 55. Be5 Bc4 56. Kc2 Bb3+ 57. Kc3 Bd1 58. Kb2 Bb3 59. Kc3 Ke4 60. Kb2 Kf5 61. Kc3 Kg4 62. Bd6 c4 63. Be5 Kf3 64. Kb2 Ke3 65. Bd6 Kd4 66. Be5+ Kd5 67. Bc7 Ke4 68. Be5 Kd3 69. Bf6 Bd1 70. Be5 Kd2 71. Bc3+ Ke3 72. Be5 Kd3 73. Bf6 Bf3 74. Be5 Bc6 75. Bg7 Bd7 76. Bf6 Be6 77. Be5 a3+ 78. Kxa3 c3 79. f5 gxf5 80. Bf6 Kd2 81. Kb4 c2 82. Bc3+ Kd1 83. Bb2 c1=Q 84. Bxc1 Kxc1 85. Kc5 Bf7 86. Kd4 Bg6 87. Ke5 Kd2 88. Kf4 Kd3 89. Kg3 Ke4 90. Kh3 Kf4 91. Kh4 Bf7 92. Kh3 Kxg5 93. Kg3 h5 94. Kf2 h4 95. Kg2 Kg4 96. Kh2 h3 97. Kg1 Kg3 98. Kh1 Bd5+ 99. Kg1 h2+ 100. Kf1 h1=Q+ 0-1


[Site "https://www.chess.com"]

[Event "Titled Tuesday Blitz November 07 Early 2023"]
[White "Czerw, Dawid"]
[Black "Fernandez Garcia, Gumersindo"]
[WhiteFideId "1145746"]
[BlackFideId "24516740"]
[WhiteElo "2458"]
[BlackElo "2332"]
[Result "1-0"]
[Round "8"]
[TimeControl "180+1"]
[Date "2023.11.07"]
[WhiteClock "0:00:44"]
[BlackClock "0:00:08"]
[Board "129"]

1. e4 c5 2. Nf3 e6 3. d4 cxd4 4. Nxd4 Nf6 5. Nc3 Nc6 6. Nxc6 bxc6 7. Bd3 d5 8. O-O Be7 9. Qe2 Qc7 10. b3 a5 11. Bb2 Qa7 12. Kh1 Ba6 13. f4 Bxd3 14. cxd3 h5 15. f5 Ng4 16. fxe6 fxe6 17. exd5 exd5 18. Rae1 Qc7 19. g3 Rh6 20. Ba3 Rd6 21. Bxd6 Qxd6 22. Qe6 Qxe6 23. Rxe6 Kd7 24. Rfe1 Bf6 25. Na4 Nf2+ 26. Kg2 Nxd3 27. Nb6+ Kc7 28. Nxa8+ Kb7 29. R1e3 Nc5 30. Re8 d4 31. Re1 d3 32. Rd1 Bc3 33. Re3 Kxa8 34. Rexd3 Nxd3 35. Rxd3 Be5 36. Rd7 a4 37. Kf3 axb3 38. axb3 c5 39. Ke4 Bf6 40. Kd5 Bd4 41. b4 Bg1 42. bxc5 Bxh2 43. Rxg7 Kb8 44. c6 Kc8 45. Kd6 h4 46. Rg8# 1-0


[Site "https://www.chess.com"]